 Dungeon Crawl Stone Soup version 0.17-a0-1842-gacc33f2 (webtiles) character file.

83 Herrn the Digger (level 4, -6/28 HPs)
             Began as an Octopode Earth Elementalist on Sept 17, 2015.
             Killed by nerve-wracking pain
             ... invoked by an orc priest
              (11 damage)
             ... on level 3 of the Dungeon.
             The game lasted 00:13:47 (2450 turns).

Herrn the Digger (Octopode Earth Elementalist)      Turns: 2450, Time: 00:13:47

Health: -6/28      AC:  1    Str:  7    XL:     4   Next: 44%
Magic:  0/7        EV: 12    Int: 17    God:
Gold:   221        SH:  0    Dex: 13    Spells: 2 memorised, 5 levels left

rFire  . . .     SeeInvis .     f - +0 short sword
rCold  . . .     Clarity  .     (no shield)
rNeg   . . .     SustAt   .     (helmet restricted)
rPois  .         Gourm    .     d - amulet of guardian spirit
rElec  .         Spirit   +     s - ring of loudness (curse)
rCorr  .         Warding  .     (no ring)
rMut   .         Stasis   .     (no ring)
MR     .....                    (no ring)
Stlth  ++........               (no ring)
                                (no ring)
                                (no ring)
                                (no ring)

@: not resistant to hostile enchantments, unstealthy
A: almost no armour, amphibious, 8 rings, constrict 8, camouflage 1, gelatinous
body 1
a: no special abilities


You were on level 3 of the Dungeon.
You were not hungry.

You visited 1 branch of the dungeon, and saw 3 of its levels.

You collected 221 gold pieces.

Inventory:

Hand weapons
 f - a +0 short sword (weapon)
Missiles
 a - 59 stones (quivered)
Jewellery
 d - an amulet of guardian spirit (around mantle)
 m - an uncursed amulet of regeneration
 s - a cursed ring of loudness (left tentacle)
Scrolls
 e - 4 scrolls of identify {unknown}
 j - a scroll of teleportation {unknown}
 l - 3 scrolls of remove curse {unknown}
Potions
 h - 3 potions of curing {unknown}
 k - a potion of brilliance {unknown}
 n - a potion of cancellation {unknown}
 p - a potion of beneficial mutation {unknown}
 q - a potion of agility {unknown}
Books
 b - a book of Geomancy

   Spells                             Type                      Level
   a - Sandblast                      Earth                        1
   b - Stoneskin                      Transmutation/Earth          2
   c - Passwall                       Transmutation/Earth          3
   d - Stone Arrow                    Conjuration/Earth            3
   e - Petrify                        Transmutation/Earth          4
   f - Lee's Rapid Deconstruction     Earth                        5
Comestibles
 c - 4 bread rations
 g - 2 meat rations
 i - a beef jerky
 o - a chunk of flesh
 r - 3 fruits


   Skills:
 * Level 1.6 Fighting
 + Level 2.1 Dodging
 + Level 3.0 Stealth
 + Level 2.6 Spellcasting
 * Level 1.0 Transmutations
 + Level 4.0 Earth Magic


You had 5 spell levels left.
You knew the following spells:

 Your Spells              Type           Power        Failure   Level  Hunger
a - Sandblast             Erth           ###...       3%          1    #......
b - Stoneskin             Trmt/Erth      ##......     12%         2    ##.....


Dungeon Overview and Level Annotations

Branches:
Dungeon (3/15)

Altars:
Ashenzari
Fedhas
Okawaru
Zin


Innate Abilities, Weirdness & Mutations

You cannot wear most types of armour.
You are amphibious.
You can wear up to eight rings at the same time.
You can use your tentacles to constrict eight enemies at once.
Your skin changes colour to match your surroundings (Stealth).
Your rubbery body absorbs attacks (AC +1).


Message History

Okay, then.
Unknown command.
Casting: Sandblast
Confirm with . or Enter, or press ? or * to list all spells.
Aiming: Sandblast
Press: ? - help, Shift-Dir - straight line, f/p - orc priest
Aim: an orc priest, wearing a leather armour The rocky blast hits the orc priest.
The orc priest is severely wounded.
The orc priest invokes the aid of Beogh against you.
Something smites you!
Ouch! That really hurt!
* * * LOW HITPOINT WARNING * * *
Wield which item (- for none, * to show all)? (? for menu, Esc to quit)
f - a +0 short sword (weapon)
You closely miss the orc priest. Your grab misses the orc priest.
The orc priest is heavily wounded.
The orc priest mumbles some strange prayers to Beogh against you.
Pain shoots through your body!
You die...

#.# ##.## #÷# ######...##
#.# #.........##### #.#
#.##.......>..# #####.##
#.###.....###.# #......#
#o# ##...#....#######
#.###..# #.#
##.##........... #.#
#..####.####....)......#
#.#
#.....)..o@...###.#.##.#
#.#
##.##.....#...####..##)#
#.#
##.##.#.#.#...#≈_#..##.####
#.#
#.............##§#.........
#.#
#..##.#[#.#....'.##..#.####
#.#
#..##.....#...##.##...<#
#.#
#..#..#..##.).#≈_##.#......
#.#
#....###......####.....####
#.# #..#..#..#.#### #.....#


You could see an orc priest.

Vanquished Creatures
  3 adders
  A giant gecko (D:1)
  2 orcs (D:3)
  4 ball pythons
  8 bats
  2 giant cockroaches
  6 hobgoblins
  7 kobolds
  3 giant newts
  8 goblins
  4 jackals (D:1)
  A quokka (D:2)
  2 rats
  A fungus (D:2)
52 creatures vanquished.

Vanquished Creatures (others)
  A fungus (D:2)
1 creature vanquished.

Grand Total: 53 creatures vanquished

Notes
Turn   | Place    | Note
--------------------------------------------------------------
     0 | D:1      | Herrn the Octopode Earth Elementalist began the quest for the Orb.
     0 | D:1      | Reached XP level 1. HP: 11/11 MP: 3/3
   198 | D:1      | Reached XP level 2. HP: 18/18 MP: 0/5
   464 | D:1      | Found a shattered altar of Ashenzari.
   565 | D:1      | Reached skill level 1 in Fighting
   919 | D:1      | Reached XP level 3. HP: 23/23 MP: 3/6
  1082 | D:1      | Learned a level 2 spell: Stoneskin
  1451 | D:2      | Found a blossoming altar of Fedhas.
  1799 | D:2      | Reached XP level 4. HP: 28/28 MP: 5/7
  1810 | D:2      | Reached skill level 4 in Earth Magic
  2133 | D:3      | Found a glowing silver altar of Zin.
  2133 | D:3      | Found an iron altar of Okawaru.
  2450 | D:3      | Killed from afar by an orc priest

Vault maps used:
D:1:      scummos_arrival_checkerplants, serial_bayou_ford_a,
          minmay_misc_feat_five, evilmike_ruin_ashenzari
D:2:      fedhas_altar_3, first_bread, st_stairs_10, minmay_gold_behind_fungi
D:3:      gammafunk_temple_overflow_elements

Action                   |  1- 3 |  4- 6 || total
-------------------------+-------+-------++-------
Melee: Short sword       |    26 |     6 ||    32
 Cast: Sandblast         |    49 |    22 ||    71
 Stab: Sleeping          |     5 |       ||     5
  Eat: Chunk             |     3 |     2 ||     5
